 Dungeon Crawl Stone Soup version 0.29.1-14-g9c671dbff4 (webtiles) character file.

Game seed: 748046722037337704

12 BabyfaceFinlayson the Firebug (level 2, -1/24 HPs)
             Began as an Ogre Fire Elementalist on Feb 18, 2023.
             Slain by a jackal (2 damage)
             ... on level 1 of the Dungeon.
             The game lasted 00:02:52 (741 turns).

BabyfaceFinlayson the Firebug (OgFE)                 Turns: 741, Time: 00:02:53

Health: -1/24      AC:  3    Str: 10 (11) XL:     2   Next: 33%
Magic:  1/5        EV:  9    Int: 14 (16) God:
Gold:   51         SH:  0    Dex:  8 (9)  Spells: 3/6 levels left

rFire   . . .      SeeInvis .   (no weapon)
rCold   . . .      Faith    .   (no shield)
rNeg    . . .      Spirit   .   a - +0 robe
rPois   .          Reflect  .   (helmet restricted)
rElec   .          Harm     .   (no cloak)
rCorr   .          Rampage  .   (gloves unavailable)
Will    .....                   (boots unavailable)
Stlth   +.........              (no amulet)
HPRegen 0.08/turn               (no ring)
MPRegen 0.09/turn               (no ring)

@: no status effects
A: large, unfitting armour, tough skin 1
a: no special abilities


You were on level 1 of the Dungeon.
You visited 1 branch of the dungeon, and saw 1 of its levels.

You collected 51 gold pieces.

Inventory:

Armour
 a - a +0 robe (worn)


   Skills:
 + Level 1.9 Dodging
 + Level 1.4 Stealth
 + Level 2.6 Spellcasting
 + Level 1.0 Conjurations
 + Level 3.1 Fire Magic


You had 3 spell levels left.
You knew the following spells:

 Your Spells              Type           Power      Damage    Failure   Level
a - Foxfire               Conj/Fire      28%        2x1d5     10%         1
b - Scorch                Fire           20%        2d6       10%         2

Your spell library contained the following spells:

 Spells                   Type           Power      Damage    Failure   Level
 Sting                    Tmut/Pois      4%         1d3       22%         1
 Conjure Flame            Conj/Fire      7%         6-21      28%         3
 Poisonous Vapours        Pois/Air       2%         N/A       34%         2
 Inner Flame              Hex/Fire       6%         N/A       34%         3
 Flame Wave               Conj/Fire      7%         2d5       67%         4
 Olgreb's Toxic Radiance  Pois           1%         N/A       92%         4


Dungeon Overview and Level Annotations

Branches:
Dungeon (1/15)

Altars:


Innate Abilities, Weirdness & Mutations

You are too large for most types of armour.
You have tough skin. (AC +1)


Message History

Your foxfire dissipates!
Your magical contamination has completely faded away.
It was a potion of degeneration.
There was something very wrong with that liquid.
You feel weakened.
You feel dopey.
You feel clumsy. The jackal closely misses you. The jackal bites you.
* * * LOW HITPOINT WARNING * * *
The jackal attacks as you move away! The jackal closely misses you.
The jackal bites you.
* * * LOW HITPOINT WARNING * * *
The jackal attacks as you move away! The jackal closely misses you.
The jackal attacks as you move away!
The jackal bites you but does no damage.
The jackal misses you. The jackal attacks as you move away!
The jackal bites you.
* * * LOW HITPOINT WARNING * * *
The jackal attacks as you move away!
The jackal bites you but does no damage.
The jackal barely misses you. The jackal attacks as you move away!
The jackal bites you.
* * * LOW HITPOINT WARNING * * *
Casting: Foxfire (safe; 10% risk of failure)
Confirm with . or Enter, or press ? or * to list all spells.
You conjure some foxfire!
The jackal bites you but does no damage.
The foxfire hits the jackal.
The jackal is moderately wounded.
The jackal bites you.
* * * LOW HITPOINT WARNING * * *
The jackal attacks as you move away! The jackal barely misses you.
The foxfire hits the jackal but does no damage.
The jackal is moderately wounded.
The jackal bites you.
* * * LOW HITPOINT WARNING * * *
The jackal barely misses you. The jackal attacks as you move away!
The jackal barely misses you. The jackal attacks as you move away!
The jackal barely misses you. x2
The jackal attacks as you move away! The jackal bites you.
You die...

#.# #.# #.# #.#
#h# #.#
#############.#
###
#..hh.........#


#PP ##@#####...#### #PP #.# #...# #PP #.# #...# #PP #.# ##### #PP #.# #PP #.#
#P. #.# #P. #.# #P< #.# #P. You could see 2 jackals.

Vanquished Creatures
  An endoplasm (D:1)
  A giant cockroach (D:1)
  2 goblins (D:1)
  A hobgoblin (D:1)
  A jackal (D:1)
  2 ball pythons (D:1)
  2 bats (D:1)
  A rat (D:1)
11 creatures vanquished.

Vanquished Creatures (others)
  28 foxfires (D:1)
28 creatures vanquished.

Grand Total: 39 creatures vanquished

Notes
Turn   | Place    | Note
-------+----------+-------------------------------------------
     0 | D:1      | BabyfaceFinlayson the Ogre Fire Elementalist began the
                  | quest for the Orb.
     0 | D:1      | Reached XP level 1. HP: 16/16 MP: 3/3
   296 | D:1      | Reached skill level 3 in Fire Magic
   574 | D:1      | Reached XP level 2. HP: 24/24 MP: 1/5
   577 | D:1      | Learned a level 2 spell: Scorch
   628 | D:1      | Reached skill level 1 in Conjurations
   735 | D:1      | HP: 1/24 [jackal (3)]
   741 | D:1      | Slain by a jackal

Illustrated notes

Levels and vault maps discovered:
D:1:      roderic_crop_circles_arrival_small, layout_basic

Skill      XL: |  1  2 |
---------------+-------+-----
Fire Magic     | 3 |  3.1
Conjurations   | 1 |  1.0
Dodging        | |  1.9
Stealth        | |  1.4
Spellcasting   | |  2.6

Action                   || total
-------------------------++-------
 Cast: Foxfire           ||    23
       Scorch            ||     2
  Use: Potion            ||     2
Armor: Robe              ||    24
Dodge: Dodged            ||    37
